 Dungeon Crawl Stone Soup version 0.20.1-1-g8b1a95d (webtiles) character file.

7054 dstrtn the Carver (level 10, 0/90 HPs)
             Began as a Deep Dwarf Wanderer on Oct 20, 2017.
             Was a Priest of Makhleb.
             Slain by a chaos spawn (3 damage)
             ... summoned by an orc high priest
             ... in a bailey.
             The game lasted 00:55:47 (8004 turns).

dstrtn the Carver (Deep Dwarf Wanderer)             Turns: 8004, Time: 00:55:47

Health: 0/90       AC:  0    Str: 19    XL:     10   Next: 83%
Magic:  9/9        EV: 11    Int: 13    God:    Makhleb [***...]
Gold:   424        SH:  0    Dex: 14    Spells: 9/9 levels left

rFire    . . .     SeeInvis .   a - +0 long sword
rCold    . . .     Gourm    .   (no shield)
rNeg     . . .     Faith    +   j - +0 chain mail
rPois    +         Spirit   .   o - +0 hat
rElec    .         Reflect  .   i - +0 cloak
rCorr    .         Harm     .   s - +0 pair of gloves
MR       +....                  g - +1 pair of boots
Stlth    ..........             C - amulet of faith
Regen    0.0/turn               B - ring of poison resistance
MPRegen  0.2/turn               D - +3 ring of evasion

@: corroded, non-regenerating, hasted, heavily drained, very quick
A: damage resistance, heal wounds, rugged brown scales 1, sense surroundings 2,
strong 1, no regeneration
a: Heal Wounds, Minor Destruction, Lesser Servant of Makhleb, Renounce Religion


You were in a bailey.
You worshipped Makhleb.
Makhleb was most pleased with you.
You were not hungry.

You visited 2 branches of the dungeon, and saw 10 of its levels.
You also visited: Ossuary and Bailey.

You collected 424 gold pieces.

Inventory:

Hand Weapons
 a - a +0 long sword (weapon)
 b - a +1 arbalest
 R - a +0 short sword
Missiles
 d - 31 poisoned needles
 e - 161 stones (quivered)
 l - 71 bolts
 w - 36 sling bullets
 S - a throwing net
Armour
 g - a +1 pair of boots (worn)
 i - a +0 cloak (worn)
 j - a +0 chain mail (worn)
 o - a +0 hat (worn)
 s - a +0 pair of gloves (worn)
 Q - a +0 scale mail of cold resistance
Magical Staves
 y - an uncursed staff of death
Jewellery
 B - a ring of poison resistance (left hand)
 C - an amulet of faith (around neck)
 D - a +3 ring of evasion (right hand)
Wands
 c - a wand of flame (0/48)
 A - a wand of polymorph (13/24)
 E - a wand of confusion (12/48)
 K - a wand of random effects (24/48)
Scrolls
 h - a scroll of blinking {unknown}
 k - 2 scrolls of magic mapping
 n - 4 scrolls of remove curse
 p - a scroll of fear {unknown}
 q - 3 scrolls of teleportation
 t - 3 scrolls of noise {unknown}
 u - 2 scrolls of amnesia {unknown}
 v - a scroll of fog {unknown}
 x - 2 scrolls of recharging {unknown}
 F - a scroll of identify
 G - 3 scrolls of immolation {unknown}
 U - a scroll of enchant weapon
Potions
 r - 3 potions of curing
 z - a potion of cancellation
 H - a potion of haste
 O - a potion of ambrosia {unknown}
 P - 3 potions of flight {unknown}
Comestibles
 f - 7 bread rations
 m - 7 meat rations
 I - 12 chunks of flesh
 J - 2 fruits


   Skills:
 - Level 5.5(4.0) Fighting
 + Level 9.1(7.4) Long Blades
 + Level 9.0(7.3) Crossbows
 - Level 6.0(4.5) Armour
 - Level 4.2(2.8) Dodging
   Level 1.1(0.0) Shields
   Level 3.2(1.8) Translocations
   Level 1.7(0.4) Fire Magic
 + Level 8.1(6.5) Invocations
 - Level 3.9(2.5) Evocations


You had 9 spell levels left.
You didn't know any spells.

Dungeon Overview and Level Annotations

Branches:
Dungeon (9/15)             Temple (1/1) D:7            Lair (0/6) D:9
    Orc: D:9-12

Altars:
Ashenzari
Cheibriados
Dithmenos
Gozag
Kikubaaqudgha
Makhleb
Nemelex Xobeh
Okawaru
Qazlal
Ru
Sif Muna
Trog
Vehumet
Xom
Yredelemnul
Zin
The Shining One

Shops:
D:4 *=

Annotations:
D:6 Dowan, Duvessa


Innate Abilities, Weirdness & Mutations

You are resistant to damage.
You can heal yourself by infusing magical energy.
You passively map the area around you.
You do not regenerate.
You are partially covered in rugged brown scales. (AC +1, +3% HP)
Your muscles are strong. (Str +2)


Message History

* * * LOW HITPOINT WARNING * * *
Okay, then.
You feel better.
The quasit bites your orange demon but does no damage.
The quasit claws your orange demon but does no damage.
The quasit claws your orange demon.
Send 'em back where they came from!
Your orange demon shudders.
The orc warrior closely misses you. The orc high priest barely misses you.
The orc high priest hits your orange demon with a war axe.
Your orange demon barely misses the quasit.
Your orange demon closely misses the quasit.
The rust devil hits you!
* * * LOW HITPOINT WARNING * * *
The rust devil corrodes you!
Okay, then.
You fail to use your ability.
The quasit bites your orange demon.
The quasit barely misses your orange demon.
The quasit claws your orange demon but does no damage.
The chaos spawn hits you.
You die...

.8.8.# #≈≈≈≈≈#
Ko...######≈≈≈≈≈#
.#.o....#.≈≈≈≈≈≈#
.#...o..#.≈≈≈≈≈.######
.#####''#.≈≈≈≈≈......#
.
#....(#.≈≈≈≈≈......###
o
#.....(....(554......#
.
#..⌠..'....)Ko4o.∩..∩#
.
#.....'.....54@4.....#
,
#.....#.≈≈≈≈≈......###
####++#.≈≈≈≈≈))....# ,
, #.≈≈≈≈≈.###### , ,
,#.≈≈≈≈≈≈# , ###≈≈≈≈≈#
,8 ,#≈≈≈≈≈# ,, ,
#≈≈≈≈≈# * +#≈≈≈≈≈#


You could see an orc high priest, a rust devil, a kobold demonologist, 2 chaos
spawn, an orc warrior, a quasit, 2 crimson imps and a friendly orange demon.

Vanquished Creatures
  3 two-headed ogres (D:8)
  Pikel (D:7)
  A troll (D:8)
  Prince Ribbit (D:5)
  Grinder (D:6)
  A hippogriff (D:8)
  Grum (D:8)
  A vampire mosquito (D:8)
  A hungry ghost (D:8)
  3 orc warriors
  2 sky beasts
  2 ice beasts
  2 necrophages
  4 slaves
  A phantom (D:8)
  4 ogres
  2 wolves (D:8)
  A centaur (D:6)
  2 bullfrogs
  4 scorpions
  6 killer bees (D:7)
  A howler monkey (D:6)
  A centaur zombie (Ossuary)
  3 crimson imps
  A centaur skeleton (D:8)
  3 hounds
  Crazy Yiuf (D:6)
  A bullfrog zombie (D:8)
  3 human zombies (Ossuary)
  7 orc priests
  A bullfrog skeleton (D:4)
  8 orc wizards
  3 iguanas
  Terence (D:2)
  5 worker ants
  Natasha (thrice) (D:2)
  2 hound zombies
  3 mummies (Ossuary)
  A howler monkey zombie (D:6)
  Robin (D:3)
  2 gnolls (Bailey)
  2 howler monkey skeletons
  5 adders
  2 shadow imps
  An ooze (D:3)
  A worm (D:5)
  2 dart slugs (D:1)
  3 leopard geckos
  17 orcs
  A ball python (D:1)
  7 giant cockroaches
  2 gnoll zombies (Ossuary)
  19 goblins
  13 hobgoblins
  5 jackals
  2 quokkas
  9 bats
  2 frilled lizards
  A goblin zombie (Ossuary)
  3 kobolds
  A leopard gecko skeleton (D:7)
  An orc zombie (Ossuary)
  11 rats
205 creatures vanquished.

Notes
Turn   | Place    | Note
-------+----------+-------------------------------------------
     0 | D:1      | dstrtn the Deep Dwarf Wanderer began the quest for the Orb.
     0 | D:1      | dstrtn set off with: a wand of flame (15/48), a potion of lignification, a +0 falchion, a +0 robe, a bread ration
     0 | D:1      | Reached XP level 1. HP: 18/18 MP: 2/2
    82 | D:1      | Reached XP level 2. HP: 23/25 MP: 3/3
   850 | D:1      | Reached XP level 3. HP: 30/31 MP: 4/4
  1009 | D:2      | Noticed Natasha
  1184 | D:2      | You fall through a shaft!
  1428 | D:2      | Killed Natasha
  1428 | D:2      | Reached XP level 4. HP: 28/38 MP: 5/5
  1507 | D:2      | Noticed Natasha
  1516 | D:2      | Killed Natasha
  1540 | D:2      | Noticed Terence
  1555 | D:2      | Killed Terence
  1555 | D:2      | Reached skill level 5 in Long Blades
  1560 | D:2      | Reached XP level 5. HP: 44/44 MP: 6/6
  1605 | D:2      | Noticed Natasha
  1608 | D:2      | Killed Natasha
  1789 | D:3      | Noticed Robin
  2153 | D:3      | Killed Robin
  2241 | D:4      | Found Hiafisam's General Store.
  2246 | D:4      | Found Toroux's Jewellery Shoppe.
  2315 | D:4      | Reached skill level 1 in Armour
  2315 | D:4      | Reached XP level 6. HP: 28/52 MP: 7/7
  2339 | D:4      | Found an opulent altar of Gozag.
  2343 | D:4      | Found a glowing silver altar of Zin.
  2343 | D:4      | Found an iron altar of Okawaru.
  2422 | D:4      | Noticed a slave
  2423 | D:4      | Noticed a slave
  2589 | D:5      | Entered Level 5 of the Dungeon
  2694 | D:5      | Reached skill level 1 in Dodging
  2699 | D:5      | Found a basalt altar of Yredelemnul.
  2957 | D:6      | Noticed Prince Ribbit
  3061 | D:6      | Gained mutation: Your muscles are strong. (Str +2) [potion of mutation]
  3061 | D:6      | Gained mutation: You are partially covered in rugged brown scales. (AC +1, +3% HP) [potion of mutation]
  3174 | D:6      | Noticed an ice beast
  3389 | D:3      | Killed a slave
  3479 | D:4      | Reached XP level 7. HP: 29/62 MP: 5/5
  4259 | D:6      | Reached XP level 8. HP: 25/74 MP: 4/4
  4330 | D:6      | Noticed Duvessa
  4350 | D:6      | Noticed Dowan
  4400 | D:5      | Killed Prince Ribbit
  4519 | D:7      | Found a staircase to the Ecumenical Temple.
  4529 | Temple   | Entered the Ecumenical Temple
  4670 | Temple   | Became a worshipper of Makhleb the Destroyer
  4835 | D:7      | Reached skill level 5 in Armour
  4984 | D:7      | Reached skill level 5 in Fighting
  5131 | D:7      | Noticed Pikel
  5152 | D:7      | Killed Pikel
  5152 | D:7      | Gained mutation: You passively map the area around you. [Deep Dwarf growth]
  5152 | D:7      | Reached XP level 9. HP: 58/83 MP: 5/5
  5168 | D:7      | Found a shadowy altar of Dithmenos.
  5168 | D:7      | Found an ancient bone altar of Kikubaaqudgha.
  5169 | D:7      | Found a glowing golden altar of the Shining One.
  5214 | D:7      | Reached skill level 1 in Invocations
  5482 | D:8      | Found a sand-covered staircase.
  5495 | Ossuary  | Entered an ossuary
  5530 | Ossuary  | Reached * piety under Makhleb
  5641 | Ossuary  | Reached skill level 1 in Crossbows
  5994 | D:8      | Reached skill level 5 in Crossbows
  6093 | D:8      | Noticed a two-headed ogre
  6352 | D:6      | Reached ** piety under Makhleb
  6650 | D:6      | Noticed Grinder
  6661 | D:6      | Killed Grinder
  6661 | D:6      | Reached XP level 10. HP: 90/90 MP: 7/7
  6721 | D:6      | Found a runed door.
  6727 | D:6      | Noticed Crazy Yiuf
  6737 | D:6      | Killed Crazy Yiuf
  7056 | D:8      | Noticed a two-headed ogre
  7057 | D:8      | Noticed Grum
  7057 | D:8      | Noticed a two-headed ogre
  7326 | D:8      | Noticed a two-headed ogre
  7346 | D:8      | Killed a two-headed ogre
  7346 | D:8      | Reached skill level 5 in Invocations
  7411 | D:8      | Noticed a two-headed ogre
  7421 | D:8      | Killed a two-headed ogre
  7498 | D:8      | Killed a two-headed ogre
  7530 | D:8      | Found a shimmering altar of Xom.
  7615 | D:8      | Killed Grum
  7872 | D:9      | Reached *** piety under Makhleb
  7880 | D:9      | Found a flagged portal.
  7897 | Bailey   | Entered a bailey
  7969 | Bailey   | Found an iron altar of Okawaru.
  7969 | Bailey   | Noticed an orc high priest
  7990 | Bailey   | Noticed a rust devil
  8002 | Bailey   | HP: 3/90 [chaos spawn[an orc high priest] (7)]
  8004 | Bailey   | Slain by a chaos spawn

Skill      XL: |  1  2  3  4  5  6  7  8  9 10 |
---------------+-------------------------------+-----
Long Blades    | 3 4 5 6 7 8 9 |  9.1
Armour         | 1 2 4 6 |  6.0
Fighting       | 2 3 5 |  5.5
Dodging        | 1 3 4 |  4.2
Invocations    | 2 8 |  8.1
Evocations     | 3 |  3.9
Crossbows      | 6 9 |  9.0
Shields        | |  1.1
Translocations | |  3.2
Fire Magic     | |  1.7

Action                   |  1- 3 |  4- 6 |  7- 9 | 10-12 || total
-------------------------+-------+-------+-------+-------++-------
Melee: Falchion          |   141 |   327 |   576 |    11 ||  1055
       Unarmed           |       |    13 |     4 |    34 ||    51
       Long sword        |       |       |       |   106 ||   106
 Fire: Arbalest          |       |       |    44 |    44 ||    88
Throw: Stone             |    39 |    35 |    16 |       ||    90
Invok: Minor Destruction |       |       |     2 |     2 ||     4
       Lesser Servant of |       |       |       |     2 ||     2
 Abil: Heal Wounds       |     1 |    10 |    16 |     2 ||    29
Evoke: Wand              |     1 |    14 |     6 |     5 ||    26
  Use: Potion            |       |     5 |     5 |    13 ||    23
       Scroll            |       |     9 |    12 |     2 ||    23
 Stab: Sleeping          |     2 |       |       |       ||     2
       Confused          |       |       |     1 |       ||     1
  Eat: Chunk             |     2 |     6 |     7 |     4 ||    19
       Fruit             |       |       |     2 |       ||     2
       Royal jelly       |       |       |     3 |       ||     3
Armor: Robe              |     3 |       |       |       ||     3
       Chain mail        |    77 |   237 |   262 |    70 ||   646
       Skin              |       |     7 |     2 |    24 ||    33
Dodge: Dodged            |    44 |   106 |   311 |    97 ||   558
       Rpst.: Falchion   |    13 |    35 |    88 |     1 ||   137
       Long sword        |       |       |       |    23 ||    23
